[Event "*** MasterClass Titled Tuesday Blitz"]
[Site "Chess.com"]
[Date "2017.08.01"]
[Round "7"]
[White "Big_Fishy"]
[Black "KyronGriffith"]
[Result "0-1"]
[WhiteElo "2228"]
[BlackElo "2342"]
[TimeControl "180+2"]
[EndTime "14:33:51 PDT"]
[Termination "KyronGriffith won by resignation"]

1. d4 Nf6 2. Nc3 g6 3. e4 d6 4. f4 c6 5. Bd3 Bg7 6. Nf3 Kf8 7. O-O h6 8. e5 Nd5 9. Ne4 b5 10.
c3 Bf5 11. Nh4 Bxe4 12. Bxe4 e6 13. Qe2 Qxh4 14. exd6 Qd8 15. Bd2 Qxd6 16. Rae1 Nd7 17. b3 Kg8 18. Kh1 Kh7 19. c4 bxc4 20. bxc4 Ne7 21.
Bc3 Nf5 22. c5 Qc7 23. Qd3 Nf6 24. g4 Nxg4 25. Qf3 Nf6 26. Bb1 Rad8 27. d5 Nxd5 28. Bxg7 Kxg7 29. Rg1 Qxf4 30. Qg2 Nh4 31. Qb2+ Qf6 32.
Qxf6+ Nxf6 33. Rg3 Nf5 34. Ra3 Rd7 35. Bxf5 exf5 36.
Kg2 Rb8 37. Re2 Ne4 38. Rc2 Rb5 39. Ra6 Rxc5 40. Rxc5 Nxc5 41. Rxc6 Ne4 42. Ra6 g5 43. Kf3 f6 44. Ke3 Kg6 45. a4 h5 46. a5 h4 47.
Re6 Rd5 48. Ra6 Re5 49. Rxa7 f4+ 50. Kf3 Nd2+ 51. Kf2 g4 52. a6 g3+ 53. hxg3 fxg3+ 54. Kg2 Re2+ 55. Kh3 Rh2+ 56. Kg4 f5+ 57. Kf4 Rf2+ 58.
Ke3 Nc4+ 59. Kd3 g2 60. Ra8 Ne5+ 61. Kd4 Ng4 62. a7 Ra2 63. Rg8+ Kf7 64. a8=Q Rxa8 65. Rxa8 g1=Q+ 66. Kc4 Ne5+ 67. Kc3 Qc5+ 68. Kd2 Qd4+ 69.
Ke2 Qd3+ 70. Kf2 Ng4+ 0-1

[Event "*** MasterClass Titled Tuesday Blitz"]
[Site "Chess.com"]
[Date "2017.08.01"]
[Round "7"]
[White "DrHolmes13"]
[Black "olomi007"]
[Result "1/2-1/2"]
[WhiteElo "2398"]
[BlackElo "2509"]
[TimeControl "180+2"]
[EndTime "14:33:59 PDT"]
[Termination "Game drawn - insufficient material"]

1. d4 Nf6 2. c4 g6 3. Nc3 d5 4.
Nf3 Bg7 5. Qb3 dxc4 6. Qxc4 O-O 7. e4 Nc6 8. Be2 e5 9. d5 Nd4 10. Nxd4 exd4 11. Qxd4 c6 12. Qc4 b5 13. Qb3 cxd5 14. exd5 b4 15. Qxb4 Nxd5 16. Nxd5 Qxd5 17. O-O Be6 18.
Bf3 Qc4 19. Qxc4 Bxc4 20. Bxa8 Bxf1 21. Kxf1 Rxa8 22. Ke2 Re8+ 23. Kd1 Rd8+ 24. Kc2 Rc8+ 25. Kd3 Rd8+ 26. Ke2 Re8+ 27. Be3 Bxb2 28. Rb1 Bd4 29. Rb7 Re6 30. a4 Bxe3 31. fxe3 Ra6 32. Rb4 Ra5 33. Kf3 h5 34. h4 Kg7 35. g3 Kf6 36. e4 Rc5 37.
Rb7 a5 38. Kf4 Rc4 39. Rb6+ Kg7 40. Ra6 Rxa4 41. Ke5 Ra3 42. Kf4 a4 43. e5 Kf8 44.
Ra8+ Ke7 45. Ra7+ Kf8 46. Ra8+ Kg7 47. Ra7 Ra1 48. e6 a3 49. exf7 a2 50. Kg5 Rg1 51.
f8=Q+ Kxf8 52. Rxa2 Rxg3+ 53. Kf6 Ke8 54. Ra8+ Kd7 55.
Rg8 Rf3+ 56. Kg5 Rg3+ 57. Kf6 Rg4 58. Rxg6 Rxh4 59. Kg5 Rg4+ 60. Kxh5 Rxg6 61. Kxg6 1/2-1/2

[Event "*** MasterClass Titled Tuesday Blitz"]
[Site "Chess.com"]
[Date "2017.08.01"]
[Round "7"]
[White "stefanodinn"]
[Black "CookiesAndIceCream"]
[Result "1-0"]
[WhiteElo "2177"]
[BlackElo "2071"]
[TimeControl "180+2"]
[EndTime "14:34:05 PDT"]
[Termination "stefanodinn won by resignation"]

1. e4 e6 2. d4 d5 3. Nd2 Be7 4. c3 c5 5. exd5 exd5 6. Ngf3 Nf6 7. dxc5 Bxc5 8. Bb5+ Bd7 9. Bxd7+ Nbxd7 10. O-O O-O 11. Nb3 Bb6 12. h3 Qc7 13. Re1 Rfe8 14. Rxe8+ Rxe8 15. Nbd4 Ne4 16. Be3 Ndf6 17. Qb3 Qd7 18. Rd1 Bc7 19.
Nb5 Bb6 20. Bxb6 axb6 21. Nbd4 Qd6 22. Qb5 Rc8 23. Nf5 Qc7 24. Qb4 Re8 25. Qb5 Qc6 26. N3d4 Qc7 27. Re1 g6 28. Ne3 Qf4 29. Qf1 h5 30. Ne2 Qd6 31. Nd4 Qf4 32. Qe2 Kg7 33.
Qf3 Qe5 34. Rd1 Ra8 35. a3 Re8 36. Nec2 Ng5 37. Qd3 Nge4 38. Nb4 Qf4 39. Qf3 Qe5 40.
Qe3 Qd6 41. Qf3 Ng5 42. Qd3 Nge4 43. Nf3 Rd8 44. Qe3 Qe7 45. Qd4 Qc5 46. Ne5 Ng5 47. Ned3 Qxd4 48. cxd4 Nge4 49. f3 Nd6 50. Kf2 Re8 51. Rc1 Nc4 52. b3 Nxa3 53. Ne5 Nb5 54. Ke3 Nd7 55. Kf4 Nxe5 56. dxe5 f6 57. exf6+ Kxf6 58. Nxd5+ Ke6 59. Re1+ Kd7 60. Nf6+ Kd6 61. Rxe8 1-0

[Event "*** MasterClass Titled Tuesday Blitz"]
[Site "Chess.com"]
[Date "2017.08.01"]
[Round "7"]
[White "Sharafiev_Azat"]
[Black "jeaston1"]
[Result "1-0"]
[WhiteElo "2297"]
[BlackElo "2199"]
[TimeControl "180+2"]
[EndTime "14:34:07 PDT"]
[Termination "Sharafiev_Azat won by resignation"]

1. e4 c6 2. Nc3 d5 3. Nf3 dxe4 4.
Nxe4 Nd7 5. d4 e6 6. Bd3 h6 7. O-O Ngf6 8. b3 Qc7 9. c4 Be7 10. Bb2 O-O 11. Re1 b6 12. Qe2 c5 13. Nxf6+ Nxf6 14. dxc5 bxc5 15. Be5 Qb6 16. Rad1 Bb7 17. Bb1 Rad8 18. Qc2 Rxd1 19. Rxd1 Be4 20. Qc3 Bxb1 21.
Rxb1 Rd8 22. Qc2 Qc6 23. Rd1 Rxd1+ 24. Qxd1 Qd7 25. Qxd7 Nxd7 26. Bc7 Bf6 27. Kf1 Kf8 28. Ke2 Ke7 29. Kd3 e5 30. Nd2 Ke6 31. Ne4 Be7 32.
Nc3 f5 33. f3 Nf6 34. a3 a6 35. Ba5 Kd6 36. b4 Kc6 37. b5+ Kb7 38. a4 Bd6 39. h3 g5 40. Bd8 Nd7 41. Nd5 Nf8 42. Be7 Bxe7 43. Nxe7 Ne6 44. Nxf5 Nf4+ 45.
Ke4 Nxg2 46. Kxe5 h5 47. a5 Nf4 48. h4 Nd3+ 49. Kd5 gxh4 50. Nxh4 Ka7 51. Ng6 Kb7 52. f4 h4 53. Nxh4 Nxf4+ 54. Kxc5 Ne6+ 55. Kb4 Nd4 56. Ng6 Nc2+ 57. Kc5 Ne3 58. Nf4 Nf5 59. Nd5 Ng7 60. Nb4 Ne6+ 61. Kd6 axb5 62. Kxe6 bxc4 63.
Kd5 c3 64. Kc4 c2 65. Nxc2 Ka6 66. Kb4 1-0

[Event "*** MasterClass Titled Tuesday Blitz"]
[Site "Chess.com"]
[Date "2017.08.01"]
[Round "7"]
[White "pedromartinez91"]
[Black "GrigorGrigorov"]
[Result "0-1"]
[WhiteElo "2347"]
[BlackElo "2618"]
[TimeControl "180+2"]
[EndTime "14:34:08 PDT"]
[Termination "GrigorGrigorov won on time"]

1. e4 c5 2. Nf3 d6 3. Bb5+ Bd7 4. Bxd7+ Nxd7 5. O-O Ngf6 6. Re1 e6 7. c3 Be7 8. d4 O-O 9. e5 Nd5 10. exd6 Bxd6 11.
c4 N5b6 12. b3 cxd4 13. Qxd4 Be7 14. Bb2 Bf6 15. Qd2 Nc5 16. Qxd8 Raxd8 17. Bxf6 gxf6 18. Nc3 Rd3 19. Ne4 Nxe4 20. Rxe4 Rfd8 21. Rae1 f5 22. R4e3 a5 23. Kf1 a4 24. Ke2 R3d7 25. g3 axb3 26.
axb3 Ra8 27. Rd3 Ra2+ 28. Nd2 Rc7 29. Rc3 Nd5 30. Rd3 Nb4 31. Rd8+ Kg7 32. Rc1 Rc5 33.
Rc3 Rca5 34. Ke3 Rb2 35. Rd7 b6 36. Nf3 Kf6 37. h4 Raa2 38. Rd2 Nc2+ 39. Kf4 h6 40. g4 fxg4 41. Kxg4 Nb4 42. Rxb2 Rxb2 43. Nd4 Rxf2 44.
Kg3 Rd2 45. Nb5 e5 46. Nc7 Nd3 47. Nd5+ Kf5 48. Kf3 e4+ 49. Ke3 Rh2 50. b4 Ke5 51. Nxb6 Rh3+ 52. Kd2 Kd4 53. Ra3 Rh2+ 54. Kd1 e3 55.
Ra2 Rxa2 0-1

[Event "*** MasterClass Titled Tuesday Blitz"]
[Site "Chess.com"]
[Date "2017.08.01"]
[Round "7"]
[White "Grootneus"]
[Black "nihalsarin"]
[Result "1/2-1/2"]
[WhiteElo "2061"]
[BlackElo "2595"]
[TimeControl "180+2"]
[EndTime "14:34:11 PDT"]
[Termination "Game drawn - insufficient material"]

1. e4 e6 2. d4 d5 3. Nc3 Bb4 4. Bd3 dxe4 5. Bxe4 Nf6 6. Bf3 O-O 7. Ne2 c5 8. O-O cxd4 9. Qxd4 Qxd4 10. Nxd4 a6 11.
Bd2 e5 12. Nb3 h6 13. a3 Bd6 14. Rad1 Bc7 15. Be3 Nc6 16. Nc5 Re8 17. Rfe1 Ng4 18. Bc1 Bb6 19. N3a4 Ba7 20. h3 Nf6 21. Nb3 e4 22.
Be2 Bf5 23. Nac5 Rab8 24. Bf4 Rbd8 25. Nxb7 Rxd1 26. Rxd1 Bg6 27. Nd6 Rd8 28. Nc4 Re8 29. Nd6 Rd8 30. Nc4 Rxd1+ 31. Bxd1 Nd5 32. Bd2 f5 33. Ne3 Nb6 34. Be2 Na4 35. Bxa6 Nxb2 36. Nc4 Nd1 37. Bb5 Ne7 38. Ne3 Nxf2 39. Kxf2 f4 40. Ke2 fxe3 41. Bxe3 Bxe3 42. Kxe3 Nd5+ 43. Kd2 e3+ 44. Ke1 Nc3 45. Bc4+ Kf8 46. Nd4 Ke7 47. Ne2 Nb1 48. Bb3 Nxa3 49. Nf4 Bxc2 50. Bxc2 Nxc2+ 51. Ke2 Kf6 52. Nd5+ Ke5 53. Nxe3 Nd4+ 54. Kf2 Kf4 55. g3+ Ke4 56. Ng4 h5 57. Ne3 g5 58.
Ng2 Nc2 59. h4 Kf5 60. hxg5 Kxg5 61. Nf4 h4 62. gxh4+ Kxf4 63. h5 Kg5 64. h6 Kxh6 1/2-1/2

[Event "*** MasterClass Titled Tuesday Blitz"]
[Site "Chess.com"]
[Date "2017.08.01"]
[Round "7"]
[White "GM_dmitrij"]
[Black "Rodalquilar"]
[Result "0-1"]
[WhiteElo "2471"]
[BlackElo "2548"]
[TimeControl "180+2"]
[EndTime "14:34:16 PDT"]
[Termination "Rodalquilar won by resignation"]

1. e4 e5 2. Nf3 Nc6 3. Bb5 a6 4. Ba4 Nf6 5. O-O Be7 6. d3 d6 7. c4 O-O 8. Nc3 Nd7 9. Be3 Nb6 10. Bxb6 cxb6 11. d4 Bg4 12. Bxc6 bxc6 13. dxe5 Bxf3 14. Qxf3 dxe5 15. Rad1 Qc7 16. Ne2 Rad8 17. Qb3 Bc5 18. g3 h5 19. Kg2 Rd6 20. Rxd6 Qxd6 21. Rd1 Qg6 22. Qf3 h4 23. Qf5 Qe6 24. Qxe6 fxe6 25. f3 h3+ 26. Kxh3 Rxf3 27. Nc1 Bd4 28. Nd3 c5 29. Kg2 Re3 30. Rd2 Rxe4 31. Kf1 Re3 32. Ne1 g5 33. Re2 Rxe2 34. Kxe2 Bxb2 35. Kf3 b5 36. cxb5 axb5 37. Kg4 c4 38. Nc2 Bc1 39.
Kf3 Kf7 40. Ke4 Kf6 41. g4 Bb2 42. h3 Ke7 43. Ne3 Kd6 44. Ng2 Kc5 45. h4 gxh4 46. Nxh4 Bc1 47. Nf3 Kb4 48. Kxe5 c3 49. Kd4 Bb2 50. Kd3 Ka3 51. Kc2 Kxa2 52. g5 Ba3 53. g6 Bf8 54. Kxc3 b4+ 55. Kc4 b3 56. Nd2 b2 57.
Kd4 Bh6 58. g7 Bxg7+ 59. Kc5 Bh6 0-1

[Event "*** MasterClass Titled Tuesday Blitz"]
[Site "Chess.com"]
[Date "2017.08.01"]
[Round "7"]
[White "Gordima"]
[Black "SuperBlitz"]
[Result "1-0"]
[WhiteElo "2600"]
[BlackElo "2295"]
[TimeControl "180+2"]
[EndTime "14:34:20 PDT"]
[Termination "Gordima won by resignation"]

1. d4 Nf6 2. Bf4 g6 3. e3 Bg7 4.
Nf3 O-O 5. h3 c5 6. c3 cxd4 7.
exd4 Qb6 8. Qb3 Qe6+ 9. Qxe6 fxe6 10. Bh2 b6 11. a4 Bb7 12. Nbd2 Ne4 13. Nxe4 Bxe4 14.
a5 bxa5 15. Nd2 Bc2 16. Bb5 a6 17. Bc4 d5 18. Bb3 Bd3 19. Rxa5 Nc6 20. Rc5 Nxd4 21. cxd4 Bxd4 22. Rc7 Rxf2 23. Nf3 Bb6 24. Rc6 Re2+ 25. Kd1 Ba5 26. Bc2 Bb5 27. Rc5 Rxg2 28. Kc1 Rf8 29.
Nd4 Bb6 30. b4 Rff2 31. Rc8+ Kg7 32. Be5+ Kh6 33. h4 Bc4 34. Bb1 a5 35. h5 g5 36.
Rh8 Rf7 37. Bg6 Rg7 38. Nxe6 Rxg6 39. hxg6+ Kxg6 40. bxa5 Be3+ 41. Kb1 Kf5 42. Bd4 Bd2 43. Nc5 Bxa5 44. Rf8+ Kg4 45. Rg1 Rxg1+ 46. Bxg1 h5 47. Rg8 d4 48. Rg7 d3 49. Be3 d2 50.
Kc2 Be2 51. Bxd2 Bxd2 52. Kxd2 Bc4 53. Ne4 Kf5 54. Ke3 g4 55. Ng3+ Ke5 56. Nxh5 Be6 57. Rg5+ Kd6 58. Nf4 Bd7 59. Rg6+ Ke5 60. Rg5+ Kd6 61.
Nd3 Bc8 62. Ne5 Ke6 63. Nxg4 Kf7 1-0

[Event "*** MasterClass Titled Tuesday Blitz"]
[Site "Chess.com"]
[Date "2017.08.01"]
[Round "7"]
[White "GMKrikor"]
[Black "DiamondCrusher22"]
[Result "0-1"]
[WhiteElo "2486"]
[BlackElo "2058"]
[TimeControl "180+2"]
[EndTime "14:34:36 PDT"]
[Termination "DiamondCrusher22 won on time"]

1. e4 e5 2. Nf3 Nc6 3. Bb5 Nf6 4. Qe2 d6 5. d4 exd4 6. e5 dxe5 7. Nxe5 Be7 8. Nxc6 bxc6 9. Bxc6+ Bd7 10. Bxa8 Qxa8 11. O-O Be6 12. c3 c5 13. cxd4 cxd4 14. Rd1 Bg4 15.
f3 Be6 16. Kh1 Qc6 17. Bf4 Nd5 18. Be5 Ne3 19. Rg1 Nc2 20. Rc1 Bf5 21. Nd2 d3 22. Qf2 Qe6 23. Bc3 Nxa1 24. Rxa1 O-O 25. Qxa7 Bg5 26.
Qf2 Re8 27. f4 Bd8 28. Nf3 Bb6 29. Bd4 Bc7 30. Re1 Qd7 31. Be5 Bd8 32. Bc3 Bc7 33.
Ne5 Bxe5 34. fxe5 Be6 35. a3 h6 36. h3 Bd5 37. Kh2 Qe6 38. Qg3 Bc4 39. Re4 Rd8 40. Qf2 Bd5 41. Re1 Bc4 42. Re3 g6 43. Re1 Bb3 44.
Qf4 Kh7 45. Bd2 g5 46. Qe4+ Qg6 47. Qe3 Rc8 48. Bc3 Re8 49. Rf1 f6 50. Qa7+ Kg8 51. Rxf6 Qg7 52. e6 Qxa7 53. Rg6+ Kf8 54. Bb4+ Re7 55.
Rf6+ Ke8 56. Rg6 Qc7+ 57. g3 Rg7 58. Rf6 Qc2+ 59. Kg1 Re7 60. Rg6 Qd1+ 61. Kf2 Rxe6 0-1

[Event "*** MasterClass Titled Tuesday Blitz"]
[Site "Chess.com"]
[Date "2017.08.01"]
[Round "7"]
[White "nutibara"]
[Black "Me_ch_an"]
[Result "1/2-1/2"]
[WhiteElo "2251"]
[BlackElo "2386"]
[TimeControl "180+2"]
[EndTime "14:34:40 PDT"]
[Termination "Game drawn by repetition"]

1. e4 c5 2. Nf3 Nc6 3. d4 cxd4 4. Nxd4 Qb6 5. Nb3 Nf6 6. Nc3 e6 7. Bd3 a6 8. f4 h5 9. e5 Ng4 10. Ne4 Ne3 11. Qf3 Nf5 12. c3 a5 13. Ng5 a4 14.
Nd2 Qe3+ 15. Qxe3 Nxe3 16. Ndf3 Bc5 17. Ne4 Ba7 18. Nd6+ Ke7 19. g3 f6 20. Ke2 Ng4 21. Nxc8+ Raxc8 22. h3 Nf2 23. exf6+ gxf6 24. Rh2 Nxd3 25.
Kxd3 Rhg8 26. Rg2 e5 27. fxe5 Nxe5+ 28. Nxe5 fxe5 29. Be3 Bxe3 30. Kxe3 d5 31. Rf1 Ke6 32. g4 hxg4 33. hxg4 Rg5 34. Rh1 Rcg8 35. Rh6+ Kd7 36. Rf2 R8g7 37. Rf5 Rxg4 38. Rxe5 R4g5 39. Kd4 Rxe5 40.
Kxe5 Rg2 41. Kxd5 Rxb2 42. Rh7+ Kc8 43. Kd6 Kb8 44. a3 Rb3 45. c4 Rxa3 46. Kc5 Rb3 47. Rh1 a3 48. Ra1 Kc7 49. Kd5 b6 50. Kd4 Kb7 51.
c5 bxc5+ 52. Kxc5 Ka6 53. Kc4 Rh3 54. Kb4 Kb6 55. Rxa3 Rh4+ 56. Kb3 Kb5 57. Kb2 Rh2+ 58. Kb1 Kb4 59. Rg3 Rh1+ 60. Kb2 Rh2+ 61. Kb1 Rh1+ 62.
Kb2 Rh2+ 63. Kb1 Rh1+ 64. Kb2 Rh2+ 65. Kb1 Rh1+ 66. Kb2 Rh2+ 67. Kb1 1/2-1/2

[Event "*** MasterClass Titled Tuesday Blitz"]
[Site "Chess.com"]
[Date "2017.08.01"]
[Round "7"]
[White "hassler2"]
[Black "kleinebeer98"]
[Result "1-0"]
[WhiteElo "2334"]
[BlackElo "2434"]
[TimeControl "180+2"]
[EndTime "14:34:44 PDT"]
[Termination "hassler2 won by resignation"]

1. b3 Nc6 2. Bb2 e5 3. e3 Nf6 4. Nf3 e4 5. Nd4 Nxd4 6. Bxd4 d5 7. c4 c5 8. Bb2 d4 9. Be2 d3 10. Bf1 Bg4 11. Qc1 Bd6 12. Nc3 Qe7 13. h3 Bd7 14.
g3 Bc6 15. Bg2 a6 16. a4 h5 17. Qd1 Qc7 18. O-O h4 19. g4 O-O-O 20. g5 Nh7 21. Qg4+ Kb8 22. Nxe4 Nf8 23. Nxd6 Bxg2 24. Qxg2 Qxd6 25.
f4 f6 26. Qg4 Ne6 27. Rf2 Rhf8 28. g6 Ka8 29. Qf5 Qc6 30. Raf1 Qb6 31. Bc3 Rfe8 32. Rb1 Qc6 33. Rg2 Rd7 34. Qg4 Rh8 35. Qf5 Re7 36.
a5 Rhe8 37. Rf1 Qd7 38. Rg4 Rh8 39. Rg2 Qc6 40. Rff2 Ka7 41. Rg4 Nd4 42. Qd5 Qxd5 43.
cxd5 Ne2+ 44. Rxe2 dxe2 45. Kf2 Rd8 46. Kxe2 Rxd5 47.
Rxh4 Rd8 48. Rh7 Red7 49. Kf3 b6 50. axb6+ Kxb6 51. h4 Kb5 52. h5 c4 53. bxc4+ Kxc4 54. h6 gxh6 55. Rxh6 Rf8 56. Rh5 Rd5 57. Rh1 a5 58.
Ra1 Rg8 59. Rg1 a4 60. Ke4 f5+ 61. Kf3 a3 62. Ra1 Kb3 63. g7 a2 64. Kg3 Rxd2 65. Bxd2 Rxg7+ 66. Kf3 Kb2 67. Bc3+ Kxc3 68. Rxa2 Kd3 69.
Ra5 Rf7 70. Rd5+ Kc4 71. Rd8 Re7 72. Rf8 Rf7 73. Rxf7 1-0

[Event "*** MasterClass Titled Tuesday Blitz"]
[Site "Chess.com"]
[Date "2017.08.01"]
[Round "7"]
[White "FMVolodymyrSakun"]
[Black "MITerryble"]
[Result "0-1"]
[WhiteElo "2539"]
[BlackElo "2695"]
[TimeControl "180+2"]
[EndTime "14:35:16 PDT"]
[Termination "MITerryble won on time"]

1. e4 e6 2. d4 d5 3. Nc3 Nf6 4. e5 Nfd7 5. f4 c5 6. Nf3 Nc6 7. Be3 Be7 8. Qd2 O-O 9. O-O-O c4 10. f5 b5 11. fxe6 fxe6 12. Nxb5 Rb8 13. Nd6 Bxd6 14. exd6 Nb4 15. Kb1 Nf6 16. Qc3 Qa5 17. Qa3 Qxa3 18. bxa3 Ng4 19. Bg5 Nc6+ 20. Kc1 Nf2 21. Be2 Nxh1 22.
Rxh1 Bd7 23. Kd2 Rb2 24. Ra1 Rfb8 25. Kc3 Rb1 26. Rxb1 Rxb1 27. h4 Rb6 28. Ne5 Nxe5 29. dxe5 Rb1 30. Be3 a6 31. Bf3 Kf8 32. h5 h6 33. Bc5 Ke8 34. Bd4 Kd8 35. Bg4 Ke8 36. Bf3 Kf7 37. Kd2 Rb5 38. Kc3 Rb8 39. Bc5 Rb1 40. Bd4 g5 41. hxg6+ Kxg6 42. Kd2 h5 43. Ke3 Kg5 44. g3 Rb5 45. Bc3 Rb1 46. Bd4 Kg6 47.
Bc3 Rc1 48. Kd2 Rg1 49. Ke3 Rxg3 50. Kf4 Rg1 51. Bd4 Rc1 52. c3 Rc2 53. Bd1 Rxa2 54. Bc5 Rd2 55. Bf3 Rd3 56. Bd4 Rd2 57. Kg3 Rb2 58.
Kh4 Rb3 59. Bxh5+ Kg7 60. Bf3 Kf7 61. Kg5 Rxa3 62. Bh5+ Kg7 63. Bb6 Rxc3 64. Bd8 Rg3+ 65. Kf4 Rg1 66. Bf6+ Kg8 67. Be2 a5 68. Ke3 a4 0-1

[Event "*** MasterClass Titled Tuesday Blitz"]
[Site "Chess.com"]
[Date "2017.08.01"]
[Round "7"]
[White "SipkeErnst"]
[Black "popov_m"]
[Result "1/2-1/2"]
[WhiteElo "2528"]
[BlackElo "2422"]
[TimeControl "180+2"]
[EndTime "14:35:21 PDT"]
[Termination "Game drawn by repetition"]

1. d4 g6 2. e4 Bg7 3. c4 d6 4. Nf3 Nf6 5. Nc3 O-O 6. Be2 Na6 7. Be3 c6 8. O-O e5 9. dxe5 dxe5 10. h3 Qe7 11. a3 Nc5 12. Qc2 Nh5 13. Rfd1 Ne6 14. Rab1 Qf6 15. Bf1 Nhf4 16. Nh2 Nd4 17. Qd2 Be6 18.
Bxd4 exd4 19. Ne2 Nxe2+ 20. Bxe2 Rad8 21. Bd3 h5 22. Qe2 Bh6 23. b4 Bf4 24. Nf3 Bc7 25. c5 Rfe8 26. Re1 Qf4 27. Rbd1 Bb3 28. Bc2 Be6 29.
Qd3 Rd7 30. Bb3 Bxb3 31. Qxb3 Rxe4 32. Rxe4 Qxe4 33. Re1 Qf4 34. Qd3 Kg7 35. Re4 Qc1+ 36. Re1 Qf4 37. Re4 Qc1+ 38. Re1 Qc3 39. Rd1 Re7 40.
Kf1 Qxd3+ 41. Rxd3 a5 42. Rxd4 axb4 43. Rxb4 Bb8 44.
Nd2 Ba7 45. Ne4 Re5 46. Rxb7 Bxc5 47. Nxc5 Rxc5 48. Rb2 Ra5 49. Ra2 Kf6 50. Ke2 Ke5 51. Kd3 Kd5 52. Kc3 Kc5 53. a4 Ra8 54. a5 Kb5 55.
Rb2+ Kc5 56. Ra2 Kb5 57. Kd4 c5+ 58. Kd5 Rd8+ 59. Ke5 c4 60. a6 Ra8 61. a7 Kb4 62. Kf6 Kb3 63. Ra6 c3 64. Kxf7 c2 65. Rb6+ Ka2 66.
Rc6 Kb2 67. Rb6+ Ka2 68. Ra6+ Kb2 69. Rb6+ Ka2 1/2-1/2

[Event "*** MasterClass Titled Tuesday Blitz"]
[Site "Chess.com"]
[Date "2017.08.01"]
[Round "7"]
[White "igorkovalenko"]
[Black "GMMarcinDziuba"]
[Result "1-0"]
[WhiteElo "2675"]
[BlackElo "2549"]
[TimeControl "180+2"]
[EndTime "14:35:22 PDT"]
[Termination "igorkovalenko won by resignation"]

1. e4 c5 2. Nf3 d6 3. d4 cxd4 4. Nxd4 Nf6 5. Nc3 a6 6. Be2 e5 7. Nb3 Be7 8. Bg5 Nbd7 9. O-O O-O 10. a4 b6 11. Qd3 Bb7 12. Rfd1 Rc8 13. Bf3 Qc7 14.
Be3 Rfe8 15. Rd2 Nf8 16. h3 Ne6 17. Qf1 Bf8 18. Rad1 Qb8 19. Qe2 Qc7 20. g3 h6 21.
Bg2 Ng5 22. Bxg5 hxg5 23. Nc1 Qc4 24. Rd3 b5 25. axb5 axb5 26. R1d2 b4 27. Nd5 Nxd5 28. exd5 f5 29. Rb3 Qxe2 30. Rxe2 e4 31. Rd2 Rc5 32.
Rxb4 Bxd5 33. c3 Bc6 34. Ne2 Rb5 35. Rxb5 Bxb5 36. Nd4 Bd7 37. Bf1 d5 38. Bb5 Bxb5 39.
Nxb5 e3 40. fxe3 Rxe3 41. Kg2 f4 42. gxf4 gxf4 43. Rxd5 Re2+ 44. Kf3 Rxb2 45. Kxf4 Rh2 46.
Rd3 Kf7 47. Nd4 Bd6+ 48. Ke4 Be7 49. Kd5 Bf6 50. c4 Re2 51. Nc6 g5 52. c5 Rg2 53.
Na5 g4 54. hxg4 Rxg4 55. Nc4 Ke7 56. Nb6 Rg5+ 57. Kc6 Be5 58. Re3 Kd8 59. Re4 Rg6+ 60. Kb7 Rg7+ 61. Kc6 Rg6+ 62. Kb5 Rg5 63. Ka6 Bc7 64.
Rd4+ Ke8 65. c6 Rc5 66. Kb7 Bd8 67. Re4+ Kf7 68. Nd7 Rb5+ 69. Kc8 Ba5 70. Ne5+ Kf6 71. Nc4 Bb4 72. c7 Be7 73. Kd7 Rd5+ 74. Kc6 Rc5+ 75.
Kb7 Rb5+ 76. Nb6 1-0

[Event "*** MasterClass Titled Tuesday Blitz"]
[Site "Chess.com"]
[Date "2017.08.01"]
[Round "7"]
[White "hermionegrangermagic"]
[Black "Jospem"]
[Result "1-0"]
[WhiteElo "2372"]
[BlackElo "2570"]
[TimeControl "180+2"]
[EndTime "14:35:37 PDT"]
[Termination "hermionegrangermagic won by checkmate"]

1. e4 g6 2. d4 Bg7 3. Nc3 d6 4. Be3 c6 5. Qd2 Nf6 6. f3 h5 7. O-O-O Nbd7 8. e5 Nd5 9. Nxd5 cxd5 10. f4 O-O 11. g4 hxg4 12. h4 f5 13. h5 Nb6 14.
hxg6 Qe8 15. Rh5 Qxg6 16. Rg5 Qh7 17. Bd3 Kf7 18. Ne2 Rh8 19. Rxg4 Nc4 20. Bxc4 dxc4 21. Rg2 d5 22. Qb4 Be6 23. Rdg1 Rhg8 24. Ng3 Bf8 25. Qd2 Rg4 26. Rh2 Qg6 27. Rh3 Bg7 28. Qh2 Rg8 29. Rh1 b5 30. Ne2 b4 31. Qf2 a5 32. Qf3 a4 33. c3 b3 34. a3 Ke8 35.
Kd2 Bf8 36. R3h2 Bf7 37. Rh3 e6 38. R3h2 Kd7 39. Rh3 Qg7 40. R3h2 Bg6 41. Rh3 Qf7 42. Ng3 Be7 43. Ne2 Rg7 44. Ng3 Rh7 45. Rxh7 Bxh7 46. Nh5 Kc6 47. Nf6 Rg7 48. Rh6 Bg8 49. Nxd5 Kd7 50.
Nb6+ Kc7 51. Nxc4 Rh7 52. Rxh7 Qxh7 53. Na5 Bxa3 54. Qb7+ Kd8 55. Nc6+ Ke8 56. Qxh7 Bxh7 57. bxa3 Kd7 58. Nb4 Bg6 59. c4 Bh5 60. Kc3 Be2 61.
c5 Bc4 62. Bc1 Bb5 63. Nd3 Kc6 64. Nb4+ Kb7 65. Nd3 Bc6 66. Bb2 Be4 67. Nf2 Bc6 68. Kb4 Kc7 69. Nd1 Bd7 70. Nc3 Kc6 71. Nxa4 Be8 72. Nc3 Bh5 73. a4 Bf3 74. a5 Kb7 75. Kxb3 Bc6 76. Kb4 Ka6 77. Nd1 Bf3 78. Ne3 Be2 79. d5 exd5 80. Nxd5 Kb7 81. e6 Kc6 82. e7 Kd7 83. c6+ Ke8 84. c7 Ba6 85. Kc5 Bb7 86. Kd6 Kf7 87. Kd7 Bc6+ 88. Kxc6 Ke8 89.
c8=Q+ Kf7 90. e8=Q# 1-0

[Event "*** MasterClass Titled Tuesday Blitz"]
[Site "Chess.com"]
[Date "2017.08.01"]
[Round "7"]
[White "HaryKane"]
[Black "swayamsm"]
[Result "1/2-1/2"]
[WhiteElo "2294"]
[BlackElo "2436"]
[TimeControl "180+2"]
[EndTime "14:35:53 PDT"]
[Termination "Game drawn - insufficient material"]

1. e4 e6 2. d4 d5 3. Nd2 Be7 4.
e5 c5 5. c3 Nc6 6. Ngf3 f6 7. exf6 Nxf6 8. Bd3 O-O 9. O-O Qb6 10.
Re1 cxd4 11. cxd4 Nxd4 12. Nxd4 Qxd4 13. Nf3 Qg4 14. h3 Qb4 15. a3 Qb6 16. Be3 Qd8 17. Bd4 Bd7 18. Ng5 Rc8 19. Nxe6 Bxe6 20. Rxe6 Bc5 21. Bxc5 Rxc5 22. Qe2 Rc7 23. Re1 a6 24. Qe5 Rcf7 25. f3 Qa5 26. Bf5 Nd7 27. Qd6 Nc5 28. Qxd5 Rxf5 29. R6e5+ Kh8 30. b4 Rxe5 31. Rxe5 Qxa3 32.
Qxc5 Rg8 33. Re7 b5 34. h4 h6 35. h5 a5 36. Qxb5 axb4 37. Rb7 Qe3+ 38. Kh2 Qf4+ 39. Kg1 Qd4+ 40. Kh2 Qh4+ 41. Kg1 Rc8 42. Rb8 Qd4+ 43.
Kf1 Qd1+ 44. Kf2 Qd2+ 45. Kf1 Rxb8 46. Qxb8+ Kh7 47. Qb5 Qc1+ 48. Kf2 Qc2+ 49. Ke3 b3 50. Qd3+ Qxd3+ 51. Kxd3 Kg8 52. Kc3 Kf7 53. Kxb3 Kf6 54. Kc3 Kg5 55. Kd4 Kxh5 56. Ke5 Kh4 57. Kf4 g6 58. g3+ Kh3 59. g4 Kg2 60. Ke4 Kg3 61. Ke3 h5 62. gxh5 gxh5 63. f4 Kg4 64. f5 Kxf5 65. Kf3 Kg5 66. Kg3 h4+ 67. Kh3 Kh5 68. Kh2 Kg4 69. Kg2 h3+ 70. Kh2 Kh4 71. Kh1 Kg3 72.
Kg1 h2+ 73. Kh1 Kf2 74. Kxh2 1/2-1/2

[Event "*** MasterClass Titled Tuesday Blitz"]
[Site "Chess.com"]
[Date "2017.08.01"]
[Round "7"]
[White "AllStarShark"]
[Black "biostatistician"]
[Result "1-0"]
[WhiteElo "2317"]
[BlackElo "2446"]
[TimeControl "180+2"]
[EndTime "14:37:04 PDT"]
[Termination "AllStarShark won by checkmate"]

1. d4 Nf6 2. Bg5 Ne4 3. Bf4 d5 4. e3 Bf5 5. Bd3 e6 6. Nd2 Bd6 7. Bxe4 dxe4 8. Bxd6 cxd6 9. c3 Bg6 10. Ne2 Nc6 11. Qb3 Rb8 12. Nf4 d5 13. c4 dxc4 14. Nxc4 O-O 15. Nxg6 hxg6 16. Nd2 Qd5 17. Qxd5 exd5 18.
a3 Rfc8 19. Ke2 Na5 20. Rhc1 b5 21. Rc5 Rxc5 22. dxc5 f5 23. b4 Nc6 24. Nb3 Kf7 25. Rd1 Ke6 26. Nd4+ Nxd4+ 27. Rxd4 g5 28. h3 Ke5 29.
Rd1 f4 30. Ra1 a5 31. bxa5 Ra8 32. Rc1 Rxa5 33. c6 Ra8 34. c7 Rc8 35. Rc6 d4 36.
Rc5+ Kd6 37. exd4 Rxc7 38. Rxb5 Rc2+ 39. Ke1 Rc1+ 40. Kd2 Rc4 41. Rxg5 Rxd4+ 42. Ke2 Ra4 43. Rxg7 Rxa3 44. Rg5 Ra2+ 45. Ke1 Ke6 46. g3 f3 47. h4 Re2+ 48. Kf1 Ra2 49. Ke1 Ra1+ 50. Kd2 Rf1 51.
Ke3 Re1+ 52. Kf4 Re2 53. Re5+ Kf6 54. Rxe4 Rxf2 55. Re3 Kg6 56. Rxf3 Ra2 57. Kg4 Ra4+ 58. Rf4 Ra6 59. Rb4 Rc6 60. Kh3 Rd6 61. Rb3 Rc6 62.
g4 Rd6 63. h5+ Kh6 64. Kh4 Rd5 65. Rb6+ Kg7 66. Rc6 Kh7 67. Rc7+ Kg8 68. h6 Kh8 69. g5 Rd6 70. Kh5 Rd5 71. Rc8+ Kh7 72. Rc7+ Kh8 73. Ra7 Rb5 74. Ra6 Kh7 75. Rg6 Rb1 76.
Rg7+ Kh8 77. Rf7 Rb5 78. Kg6 Rb6+ 79. Rf6 Rb8 80. Ra6 Rc8 81. Re6 Rb8 82. Kf7 Kh7 83. Re7 Rb6 84. Kf8+ Kh8 85. Re5 Kh7 86. Kf7 Rb7+ 87.
Kf6 Rb6+ 88. Re6 Rb5 89. Re7+ Kh8 90. g6 Rb6+ 91. Kf7 Re6 92. g7+ Kh7 93. g8=Q+ Kxh6 94. Rxe6+ Kh5 95. Ke8 Kh4 96. Rh6# 1-0